 Dungeon Crawl Stone Soup version 0.30-a0-29-g142975f185 (webtiles) character file.

Game seed: 14747955109791334487

143 frimble the Conjurer (level 5, -4/35 (36) HPs)
             Began as a Demonspawn Air Elementalist on Aug 27, 2022.
             Slain by a necrophage (5 damage)
             ... on level 4 of the Dungeon.
             The game lasted 00:03:35 (3151 turns).

frimble the Conjurer (Demonspawn Air Elementalist)  Turns: 3151, Time: 00:03:35

HP:   -4/35 (36)    AC:  4    Str:  7 (8)  XL:     5   Next: 4%
MP:   0/17          EV: 12    Int: 14 (17) God:
Gold: 79            SH:  0    Dex: 14 (15) Spells: 7/8 levels left

rFire   . . .      SeeInvis .    b - +0 falchion
rCold   . . .      Faith    .    (no shield)
rNeg    . . .      Spirit   +    a - +0 robe
rPois   .          Reflect  .    h - +2 hat
rElec   .          Harm     .    (no cloak)
rCorr   .          Rampage  .    (no gloves)
Will    .....                    (no boots)
Stlth   ++........               (no amulet)
HPRegen 0.11/turn                e - ring of magical power
MPRegen 0.30/turn                (no ring)

@: mighty, brilliant, flying, lightly drained
A: magic shield, magic regeneration, demonic touch 1
a: no special abilities


You were on level 4 of the Dungeon.
You visited 1 branch of the dungeon, and saw 4 of its levels.

You collected 79 gold pieces.

Inventory:

Hand Weapons
 b - a +0 falchion (weapon)
 d - a +1 dagger
Armour
 a - a +0 robe (worn)
 h - a +2 hat (worn)
Jewellery
 e - a ring of magical power (left hand)
 q - a ring of fire
Scrolls
 l - a scroll of summoning
 m - a scroll of enchant weapon
 n - a scroll of fear {unknown}
 o - a scroll of immolation
 p - a scroll of teleportation {unknown}
Potions
 c - a potion of brilliance
 f - a potion of degeneration
 i - a potion of flight
 k - a potion of curing {unknown}
 r - a potion of cancellation {unknown}


   Skills:
 + Level 0.5 Fighting
 - Level 1.7 Long Blades
 - Level 1.7 Dodging
 + Level 2.8 Stealth
 - Level 2.0 Spellcasting
 + Level 3.6 Conjurations
 - Level 2.6 Air Magic


You had 7 spell levels left.
You knew the following spells:

 Your Spells              Type           Power      Damage    Failure   Level
a - Shock                 Conj/Air       60%        1d6       6%          1

Your spell library contained the following spells:

 Spells                   Type           Power      Damage    Failure   Level
 Static Discharge         Conj/Air       30%        3-5/arc   10%         2
 Swiftness                Air            13%        N/A       24%         3
 Airstrike                Air            6%         2d(1-17)  61%         4


Dungeon Overview and Level Annotations

Branches:
Dungeon (4/15)
 Temple: D:4-7

Altars:

Shops:
D:2 (   D:3 ?

Annotations:
D:2 1 exclusion, Sigmund


Innate Abilities, Weirdness & Mutations

When hurt, damage is shared between your health and your magic reserves.
You regenerate magic rapidly.
Your touch may inflict minor irresistible damage on your foes.


Message History

The necrophage is moderately damaged.
The zap misses the gnoll.
The gnoll hits you with a +0 club.
The gnoll hits you from afar with a +0 halberd!
* * * LOW HITPOINT WARNING * * *
The gnoll misses you. The necrophage hits you.
* * * LOW HITPOINT WARNING * * *
Okay, then.
Casting: Shock (safe; 5% risk of failure)
Confirm with . or Enter, or press ? or * to list all spells.
Okay, then.
It was a potion of degeneration.
There was something very wrong with that liquid.
You feel weakened.
You feel dopey.
You feel clumsy. The gnoll misses you. The gnoll barely misses you.
The gnoll hits you with a +0 club. The necrophage hits you.
* * * LOW HITPOINT WARNING * * *
It was a potion of heal wounds.
You feel much better. The gnoll misses you. The gnoll barely misses you.
The gnoll hits you with a +0 club.
The necrophage hits you but does no damage.
You don't have enough magic to cast this spell.
You don't have enough magic to cast this spell.
It was a potion of might.
You feel very mighty all of a sudden. The gnoll closely misses you.
The gnoll hits you with a +0 club. The gnoll barely misses you.
The necrophage hits you.
You feel drained.
You slash the gnoll!
The gnoll is severely wounded.
The gnoll hits you from afar with a +0 halberd!
The gnoll hits you with a +0 club.
* * * LOW HITPOINT WARNING * * *
The gnoll barely misses you.
The necrophage hits you but does no damage.
It was a potion of flight.
You feel very buoyant.
You fly up into the air.
The gnoll barely misses you.
The gnoll hits you from afar with a +0 halberd.
* * * LOW HITPOINT WARNING * * *
The necrophage hits you.
You die...

######## #@g....#
#ng....# #g.....#
#......#
###########......#
####................#
###....###.##.........#
......................#
<.............#....$..#


You could see a necrophage and 3 gnolls.

Vanquished Creatures
  A hound (D:3)
  Jessica (D:3)
  An orc wizard (D:3)
  An adder (D:3)
  A dart slug (D:1)
  6 orcs (D:3)
  4 giant cockroaches
  6 goblins
  5 hobgoblins
  3 jackals (D:1)
  A quokka (D:3)
  3 ball pythons
  A bat (D:1)
  A frilled lizard (D:1)
  4 kobolds
  5 rats
44 creatures vanquished.

Notes
Turn   | Place    | Note
-------+----------+-------------------------------------------
     0 | D:1      | frimble the Demonspawn Air Elementalist began the quest for
                  | the Orb.
     0 | D:1      | Reached XP level 1. HP: 13/13 MP: 3/3
    44 | D:1      | Reached skill level 2 in Conjurations
   263 | D:1      | Gained mutation: You regenerate magic rapidly. [demonic
                  | ancestry]
   263 | D:1      | Reached XP level 2. HP: 13/19 MP: 3/5
   357 | D:1      | Found a faded altar of an unknown god.
  1773 | D:2      | Found Zekkoena's Weapon Shop.
  2040 | D:2      | Noticed Sigmund
  2116 | D:3      | Gained mutation: When hurt, damage is shared between your
                  | health and your magic reserves. [demonic ancestry]
  2116 | D:3      | Reached XP level 3. HP: 18/25 MP: 6/6
  2131 | D:3      | Reached skill level 3 in Conjurations
  2312 | D:3      | Reached skill level 1 in Long Blades
  2312 | D:3      | Reached XP level 4. HP: 23/31 MP: 4/7
  2479 | D:3      | Noticed Jessica
  2485 | D:3      | Killed Jessica
  2805 | D:3      | Discovered your monstrous ancestry.
  2805 | D:3      | Gained mutation: Your touch may inflict minor irresistible
                  | damage on your foes. [demonic ancestry]
  2805 | D:3      | Reached XP level 5. HP: 36/36 MP: 8/8
  2817 | D:3      | Found Goent's Magic Scroll Shoppe.
  3151 | D:4      | HP: 1/35 [gnoll/+0 halberd (4)]
  3151 | D:4      | Slain by a necrophage

Illustrated notes

Levels and vault maps discovered:
D:1:      minmay_arrival_semitransparent, layout_loops_ring,
          ebering_ecumenical_altar_box, minmay_misc_feat_diagonals
D:2:      layout_basic, serial_shops, nicolae_shop_stone, uniq_sigmund
D:3:      layout_basic, serial_shops, shop, nrook_mini_vaults, uniq_jessica
D:4:      layout_rooms, minitemple, nicolae_underground_beach, uniq_pikel,
          uniq_crazy_yiuf_cottage

Skill      XL: |  1  2  3 |
---------------+----------+-----
Conjurations   | 2 3 |  3.6
Stealth        | 2 |  2.8
Long Blades    | 1 |  1.7
Fighting       | |  0.5
Dodging        | |  1.7
Spellcasting   | |  2.0
Air Magic      | |  2.6

Action                   |  1- 3 |  4- 6 || total
-------------------------+-------+-------++-------
Melee: Unarmed           |    43 |       ||    43
       Punch             |     3 |       ||     3
       Dagger            |    45 |       ||    45
       Falchion          |     8 |    10 ||    18
       Touch             |       |     2 ||     2
 Cast: Shock             |    44 |    27 ||    71
  Use: Potion            |     1 |     5 ||     6
       Scroll            |     4 |       ||     4
 Stab: Sleeping          |     3 |     2 ||     5
Armor: Robe              |    36 |     8 ||    44
Dodge: Dodged            |    76 |    21 ||    97

Table legend: (Time is in decaauts)
 A = Elapsed time spent in this place.
 B = Non-inter-level travel time spent in this place.
 C = Inter-level travel time spent in this place.
 D = Time resting spent in this place.
 E = Time spent auto-exploring this place.
 F = Levels seen in this place.
 G = Mean time per level.
                   A        B        C        D        E       F      G
               +--------+--------+--------+--------+--------+-----+--------+
         Total |   3153 |   3079 |     74 |      0 |   2683 |   4 |  788.2 |
       Dungeon |   3153 |   3079 |     74 |      0 |   2683 |   4 |  788.2 |
               +--------+--------+--------+--------+--------+-----+--------+

Top non-repeatable levels by time:
     D:1: 1605 daAuts
     D:3: 1050 daAuts
     D:2: 462 daAuts
     D:4: 35 daAuts
